Blues vs Jets

Created - November-16-12 at 17:53

Goals
1 2 3 T
Blues 1 0 2 3
Jets 1 0 0 1
Shots
1 2 3 T
Blues 11 5 5 21
Jets 5 6 6 17

1st period

1. Blues , Rick Nash 4 (Sami Salo, Brent Burns) at 10:16 (PP)
2. Jets , Martin Erat 7 (Stephen Weiss, Ron Hainsey) at 14:27

Penalties :
Filip Kuba (WPG) for High sticking (Minor) at 5:05, Steve Ott (STL) for Roughing (Minor) at 5:05, Todd Bertuzzi (STL) for Hooking (Minor) at 7:09, David Backes (WPG) for High sticking (Double Minor) at 9:21, Mark Fistric (WPG) for Roughing (Minor) at 15:05

2nd period

No Goal

Penalties :
Erik Cole (WPG) for Slashing (Minor) at 1:51, Steve Ott (STL) for Hooking (Minor) at 4:51, Jamie Benn (WPG) for Holding (Minor) at 6:32, Kevin Klein (WPG) for Hooking (Minor) at 14:40

3rd period

3. Blues , Jussi Jokinen 2 (Mark Fayne, Alexander Radulov) at 11:12
4. Blues , Rick Nash 5 (Sami Salo) at 13:53

Penalties :
Brent Burns (STL) for Hooking (Minor) at 3:54, Mark Fayne (STL) for Tripping (Minor) at 15:10, Mark Giordano (WPG) for Roughing (Minor) at 18:42

Goalie Stats

Ondrej Pavelec (STL), 16 saves from 17 shots - (0.941), W, 9-7-0, 60:00 minutes
Ilya Bryzgalov (WPG), 18 saves from 21 shots - (0.857), L, 13-4-3, 60:00 minutes

Players Stats for Blues

Player Name              G  A  P  +/- PIM S  H  SB GA TA FO     MP     PP MP  PK MP  
------------------------------------------------------------------------------------
Alexander Radulov        0  1  1   1  0   1  0  0  0  0  1/2    18:12   5:56   0:00 
Andrei Markov            0  0  0   1  0   0  1  0  0  0  0/0    13:12   0:00   0:46 
Barret Jackman           0  0  0   0  0   3  2  0  0  0  0/0    24:58   4:51   3:12 
Brad Boyes               0  0  0   0  0   0  1  1  0  0  4/10   15:38   0:00   2:58 
Brenden Morrow           0  0  0   0  0   0  0  0  0  0  0/0     3:20   0:00   0:00 
Brent Burns              0  1  1   0  2   2  0  0  0  0  0/0    21:08   6:58   2:59 
Christopher Higgins      0  0  0   0  0   0  0  0  0  0  0/2    13:55   0:00   0:52 
Jerred Smithson          0  0  0   0  0   0  0  0  0  0  1/1     2:53   0:00   0:00 
Jussi Jokinen            1  0  1   1  0   1  0  0  0  0  10/21  18:12   5:56   0:00 
Kent Huskins             0  0  0   0  0   0  0  0  0  0  0/0     2:27   0:00   0:41 
Mark Fayne               0  1  1   1  2   1  4  1  0  0  0/0    12:25   0:00   0:00 
Mark Streit              0  0  0   0  0   2  0  1  0  0  0/0    23:12   4:51   3:12 
Rick Nash                2  0  2   0  0   5  0  0  0  0  5/11   24:25   5:53   3:45 
Ryan Getzlaf             0  0  0   0  0   1  1  1  0  0  13/22  22:50   5:53   4:48 
Sami Salo                0  2  2   0  0   2  1  1  0  0  0/0    22:36   6:58   4:26 
Steve Ott                0  0  0   0  4   1  2  0  0  0  2/2    18:01   5:53   1:43 
Todd Bertuzzi            0  0  0   1  2   2  3  0  0  0  1/1    19:56   5:56   1:10 
Yannick Weber            0  0  0   0  0   0  1  0  0  0  1/2    12:40   0:00   0:00 

Players Stats for Jets

Player Name              G  A  P  +/- PIM S  H  SB GA TA FO     MP     PP MP  PK MP  
------------------------------------------------------------------------------------
Cam Fowler               0  0  0   0  0   0  0  0  0  0  0/0     7:59   4:06   0:20 
Clarke MacArthur         0  0  0   0  0   3  0  0  0  0  1/1    11:17   0:00   0:23 
Dainius Zubrus           0  0  0   0  0   0  0  0  0  0  0/1     8:50   0:00   7:57 
David Backes             0  0  0   0  4   2  1  0  0  0  10/21  16:11   0:00   6:11 
David Booth              0  0  0   0  0   1  0  0  0  0  0/0    10:01   0:00   0:00 
Erik Cole                0  0  0  -2  2   1  1  0  0  0  0/0    20:43   3:27   3:03 
Filip Kuba               0  0  0  -2  2   1  0  1  0  0  0/0    20:35   4:06   5:32 
Henrik Sedin             0  0  0  -2  0   0  0  0  0  0  12/22  19:35   3:27   0:51 
James Wisniewski         0  0  0   0  0   3  4  1  0  0  0/0    23:05   3:32   1:10 
Jamie Benn               0  0  0  -2  2   0  1  0  0  0  1/1    18:25   3:26   0:00 
Kevin Klein              0  0  0  -2  2   1  0  1  0  0  0/0    16:29   0:00   4:43 
Mark Fistric             0  0  0   1  2   0  2  0  0  0  0/0     9:23   0:00   0:52 
Mark Giordano            0  0  0   0  2   1  3  0  0  0  0/0    25:45   3:32   4:44 
Martin Erat              1  0  1   1  0   2  0  0  0  0  0/0    17:56   4:11   0:00 
Martin Hanzal            0  0  0   0  0   0  0  0  0  0  0/1     2:55   0:00   1:44 
Pierre-Alexandr Parentea 0  0  0   1  0   1  3  0  0  0  0/0    17:56   4:11   0:00 
Ron Hainsey              0  1  1   1  0   0  0  2  0  0  0/0    16:40   0:00   6:17 
Stephen Weiss            0  1  1   1  0   1  2  0  0  0  12/27  22:02   4:11   3:29 

3 Stars

1 - Rick Nash (STL)
2 - Jussi Jokinen (STL)
3 - Martin Erat (WPG)

Power Play

Blues - 1 on 7 Attempt(s) - 14.29%
Jets - 0 on 4 Attempt(s) - 0.00%

Penalty Kill

Blues - 4 on 4 Attempt(s) - 100.00% - Score 0 goal in Penalty Kill
Jets - 6 on 7 Attempt(s) - 85.71% - Score 0 goal in Penalty Kill

Official

Referees : Mike Leggo and Dennis LaRue
Linesman : Jonny Murray and Darren Gibbs

Game Notes

No Game Note

Finance

Level 1 -- Attendance: 6000 (100.00%) -- Ticket Income $690,000
Level 2 -- Attendance: 4786 (95.72%) -- Ticket Income $430,740
Level 3 -- Attendance: 2200 (100.00%) -- Ticket Income $176,000
Level 4 -- Attendance: 1015 (100.00%) -- Ticket Income $71,050
Luxury Box -- Attendance: 800 (100.00%) -- Ticket Income $240,000
Game was played at the MTS Center
Total Attendance: 14801 (98.57%)
Total Ticket Income: $1,607,790
Other Income: $241,168
Total Income: $1,848,958


% Time on Ice - Blues

Lines # - Real PCT - Wanted PCT - Time Play
Normal Forward
1 - 27% - 40% - 10:27
2 - 32% - 30% - 12:16
3 - 33% - 20% - 12:40
4 - 8% - 10% - 2:53
Normal Defense
1 - 36% - 40% - 13:43
2 - 27% - 30% - 10:21
3 - 32% - 20% - 12:26
4 - 5% - 10% - 1:46
PP Forward
1 - 50% - 60% - 5:53
2 - 50% - 40% - 5:56
PP Defense
1 - 41% - 60% - 4:51
2 - 59% - 40% - 6:58
PK Forward
1 - 72% - 60% - 5:32
2 - 28% - 40% - 2:06
PK Defense
1 - 42% - 60% - 3:12
2 - 58% - 40% - 4:26
PK3 Forward
1 - 0% - 60%
2 - 0% - 40%
PK3 Defense
1 - 0% - 60%
2 - 0% - 40%
44 Forward
1 - 74% - 60% - 1:42
2 - 26% - 40% - 0:35
44 Defense
1 - 63% - 60% - 1:26
2 - 37% - 40% - 0:51
Last Minute Offensive  - 0:00
Last Minute Defensive  - 0:00
Total
Forward - 60:00
Defense - 60:00

% Time on Ice - Jets

Lines # - Real PCT - Wanted PCT - Time Play
Normal Forward
1 - 36% - 35% - 13:37
2 - 36% - 34% - 13:45
3 - 26% - 24% - 10:01
4 - 2% - 7% - 0:53
Normal Defense
1 - 44% - 40% - 16:55
2 - 29% - 30% - 10:58
3 - 21% - 20% - 7:51
4 - 7% - 10% - 2:32
PP Forward
1 - 45% - 50% - 3:27
2 - 55% - 50% - 4:11
PP Defense
1 - 46% - 63% - 3:32
2 - 54% - 37% - 4:06
PK Forward
1 - 71% - 60% - 8:20
2 - 29% - 40% - 3:29
PK Defense
1 - 53% - 60% - 6:17
2 - 47% - 40% - 5:32
PK3 Forward
1 - 0% - 60%
2 - 0% - 40%
PK3 Defense
1 - 0% - 60%
2 - 0% - 40%
44 Forward
1 - 73% - 60% - 1:40
2 - 27% - 40% - 0:37
44 Defense
1 - 64% - 60% - 1:28
2 - 36% - 40% - 0:49
Last Minute Offensive  - 0:00
Last Minute Defensive  - 0:00
Total
Forward - 60:00
Defense - 60:00

Play by Play

1st period


0:01 of 1st period - Henrik Sedin wins face-off versus Rick Nash in neutral zone.
0:10 of 1st period - Shot by James Wisniewski.
0:10 of 1st period - Stopped by Ondrej Pavelec without a rebound.
0:11 of 1st period - Stephen Weiss wins face-off versus Jussi Jokinen in Blues zone.
0:21 of 1st period - Icing by Brent Burns.
0:22 of 1st period - David Backes wins face-off versus Jussi Jokinen in Blues zone.
0:36 of 1st period - Shot by Todd Bertuzzi.
0:36 of 1st period - Shot Misses the Net.
0:49 of 1st period - Icing by Mark Fistric.
0:50 of 1st period - Clarke MacArthur wins face-off versus Brad Boyes in Jets zone.
0:59 of 1st period - Shot by David Backes.
0:59 of 1st period - Stopped by Ondrej Pavelec with a rebound.
1:24 of 1st period - Shot by Mark Fayne.
1:24 of 1st period - Stopped by Ilya Bryzgalov without a rebound.
1:25 of 1st period - Ryan Getzlaf wins face-off versus Henrik Sedin in Jets zone.
1:38 of 1st period - Shot by Steve Ott.
1:38 of 1st period - Stopped by Ilya Bryzgalov without a rebound.
1:39 of 1st period - Jerred Smithson wins face-off versus Stephen Weiss in Jets zone.
3:24 of 1st period - Shot by Erik Cole.
3:24 of 1st period - Shot Misses the Net.
4:39 of 1st period - Martin Hanzal is hit by Mark Fayne and loses puck.
5:05 of 1st period - Minor Penalty to Filip Kuba for High sticking.
5:05 of 1st period - Minor Penalty to Steve Ott for Roughing.
5:06 of 1st period - Henrik Sedin wins face-off versus Rick Nash in Jets zone.
6:23 of 1st period - Shot by Todd Bertuzzi.
6:23 of 1st period - Stopped by Ilya Bryzgalov without a rebound.
6:24 of 1st period - Jamie Benn wins face-off versus Christopher Higgins in Jets zone.
6:31 of 1st period - Shot by Kevin Klein.
6:31 of 1st period - Stopped by Ondrej Pavelec without a rebound.
6:32 of 1st period - Henrik Sedin wins face-off versus Rick Nash in Blues zone.
6:58 of 1st period - Shot by Rick Nash.
6:58 of 1st period - Shot Misses the Net.
7:00 of 1st period - Shot by Barret Jackman.
7:00 of 1st period - Shot Misses the Net.
7:09 of 1st period - Minor Penalty to Todd Bertuzzi for Hooking.
7:10 of 1st period - Steve Ott wins face-off versus Stephen Weiss in Blues zone.
7:29 of 1st period - Shot by Cam Fowler.
7:29 of 1st period - Shot Misses the Net.
7:31 of 1st period - Shot by Martin Erat.
7:31 of 1st period - Stopped by Ondrej Pavelec without a rebound.
7:32 of 1st period - Rick Nash wins face-off versus Stephen Weiss in Blues zone.
7:32 of 1st period - Rick Nash is hit by Stephen Weiss.
7:58 of 1st period - Shot by James Wisniewski.
7:58 of 1st period - Shot Misses the Net.
8:56 of 1st period - Shot by Filip Kuba.
8:56 of 1st period - Shot Misses the Net.
9:12 of 1st period - Icing by Mark Fayne.
9:13 of 1st period - David Backes wins face-off versus Jussi Jokinen in Blues zone.
9:21 of 1st period - Double Minor Penalty to David Backes for High sticking.
9:22 of 1st period - Jussi Jokinen wins face-off versus Martin Hanzal in Jets zone.
10:16 of 1st period - Shot by Rick Nash.
10:16 of 1st period - Goal by Rick Nash - Blues : 1 - Jets : 0.
10:17 of 1st period - Henrik Sedin wins face-off versus Ryan Getzlaf in neutral zone.
10:39 of 1st period - Shot by Steve Ott.
10:39 of 1st period - Shot Misses the Net.
10:43 of 1st period - Shot by Rick Nash.
10:43 of 1st period - Stopped by Ilya Bryzgalov without a rebound.
10:44 of 1st period - Henrik Sedin wins face-off versus Jussi Jokinen in Jets zone.
10:57 of 1st period - Shot by Mark Streit.
10:57 of 1st period - Shot Blocked by Kevin Klein.
11:07 of 1st period - Ron Hainsey is hit by Todd Bertuzzi and loses puck.
12:18 of 1st period - Icing by Ron Hainsey.
12:19 of 1st period - David Backes wins face-off versus Brad Boyes in Jets zone.
12:47 of 1st period - Christopher Higgins is hit by James Wisniewski and loses puck.
13:58 of 1st period - Shot by Jussi Jokinen.
13:58 of 1st period - Shot Misses the Net.
14:00 of 1st period - Shot by Barret Jackman.
14:00 of 1st period - Stopped by Ilya Bryzgalov without a rebound.
14:01 of 1st period - Stephen Weiss wins face-off versus Ryan Getzlaf in Jets zone.
14:01 of 1st period - Stephen Weiss is hit by Ryan Getzlaf.
14:27 of 1st period - Shot by Martin Erat.
14:27 of 1st period - Goal by Martin Erat - Blues : 1 - Jets : 1.
14:28 of 1st period - David Backes wins face-off versus Jussi Jokinen in neutral zone.
14:37 of 1st period - Shot by David Backes.
14:37 of 1st period - Deflect By David Booth.
14:37 of 1st period - Shot Misses the Net.
15:00 of 1st period - Icing by Barret Jackman.
15:01 of 1st period - Jussi Jokinen wins face-off versus Stephen Weiss in Blues zone.
15:05 of 1st period - Minor Penalty to Mark Fistric for Roughing.
15:06 of 1st period - Ryan Getzlaf wins face-off versus David Backes in Jets zone.
15:30 of 1st period - Shot by Sami Salo.
15:30 of 1st period - Stopped by Ilya Bryzgalov without a rebound.
15:31 of 1st period - Jussi Jokinen wins face-off versus Stephen Weiss in Jets zone.
15:58 of 1st period - Mark Giordano is hit by Todd Bertuzzi and loses puck.
16:11 of 1st period - Shot by Alexander Radulov.
16:11 of 1st period - Shot Blocked by Ron Hainsey.
16:25 of 1st period - Shot by Rick Nash.
16:25 of 1st period - Stopped by Ilya Bryzgalov without a rebound.
16:26 of 1st period - Ryan Getzlaf wins face-off versus Stephen Weiss in Jets zone.
16:58 of 1st period - Shot by Sami Salo.
16:58 of 1st period - Shot Misses the Net.
17:00 of 1st period - Shot by Brent Burns.
17:00 of 1st period - Stopped by Ilya Bryzgalov with a rebound.
17:02 of 1st period - Shot by Brent Burns.
17:02 of 1st period - Shot Blocked by Ron Hainsey.
17:04 of 1st period - Shot by Brent Burns.
17:04 of 1st period - Stopped by Ilya Bryzgalov without a rebound.
17:05 of 1st period - Stephen Weiss wins face-off versus Brad Boyes in Jets zone.
17:28 of 1st period - Mark Giordano is hit by Brad Boyes and loses puck.
17:52 of 1st period - Icing by Barret Jackman.
17:53 of 1st period - Brad Boyes wins face-off versus Henrik Sedin in Blues zone.
18:27 of 1st period - Shot by Henrik Sedin.
18:27 of 1st period - Shot Misses the Net.
18:53 of 1st period - Shot by Rick Nash.
18:53 of 1st period - Stopped by Ilya Bryzgalov without a rebound.
18:54 of 1st period - Stephen Weiss wins face-off versus Jussi Jokinen in Jets zone.
19:02 of 1st period - Ron Hainsey is hit by Mark Fayne and loses puck.
19:08 of 1st period - Icing by Andrei Markov.
19:09 of 1st period - Alexander Radulov wins face-off versus David Backes in Blues zone.
19:13 of 1st period - Jussi Jokinen is hit by Mark Giordano and loses puck.
19:54 of 1st period - Off-side.
19:55 of 1st period - Stephen Weiss wins face-off versus Ryan Getzlaf in neutral zone.

2nd period


0:01 of 2nd period - Ryan Getzlaf wins face-off versus Stephen Weiss in neutral zone.
0:01 of 2nd period - Mark Streit is hit by Pierre-Alexandr Parenteau and loses puck.
0:09 of 2nd period - Stephen Weiss is hit by Barret Jackman and loses puck.
0:18 of 2nd period - Rick Nash is hit by Pierre-Alexandr Parenteau and loses puck.
0:39 of 2nd period - Shot by Steve Ott.
0:39 of 2nd period - Shot Misses the Net.
1:12 of 2nd period - Icing by Sami Salo.
1:13 of 2nd period - Todd Bertuzzi wins face-off versus Henrik Sedin in Blues zone.
1:15 of 2nd period - Brent Burns is hit by Erik Cole and loses puck.
1:36 of 2nd period - Shot by Erik Cole.
1:36 of 2nd period - Deflect By Jamie Benn.
1:36 of 2nd period - Shot Misses the Net.
1:51 of 2nd period - Minor Penalty to Erik Cole for Slashing.
1:52 of 2nd period - Ryan Getzlaf wins face-off versus David Backes in Jets zone.
1:58 of 2nd period - Rick Nash is hit by Mark Giordano and loses puck.
2:03 of 2nd period - Shot by Barret Jackman.
2:03 of 2nd period - Stopped by Ilya Bryzgalov without a rebound.
2:04 of 2nd period - David Backes wins face-off versus Ryan Getzlaf in Jets zone.
2:27 of 2nd period - Shot by Mark Streit.
2:27 of 2nd period - Stopped by Ilya Bryzgalov with a rebound.
2:29 of 2nd period - Shot by Rick Nash.
2:29 of 2nd period - Shot Blocked by Filip Kuba.
2:31 of 2nd period - Shot by Barret Jackman.
2:31 of 2nd period - Shot Hit the Post.
2:46 of 2nd period - Icing by Alexander Radulov.
2:47 of 2nd period - Stephen Weiss wins face-off versus Jussi Jokinen in Blues zone.
3:04 of 2nd period - Shot by Todd Bertuzzi.
3:04 of 2nd period - Stopped by Ilya Bryzgalov without a rebound.
3:05 of 2nd period - Jussi Jokinen wins face-off versus David Backes in Jets zone.
3:06 of 2nd period - Shot by Alexander Radulov.
3:06 of 2nd period - Shot Hit the Post.
4:50 of 2nd period - Mark Streit is hit by Mark Fistric.
4:51 of 2nd period - Minor Penalty to Steve Ott for Hooking.
4:52 of 2nd period - Rick Nash wins face-off versus Stephen Weiss in Blues zone.
5:25 of 2nd period - Shot by James Wisniewski.
5:25 of 2nd period - Stopped by Ondrej Pavelec without a rebound.
5:26 of 2nd period - Rick Nash wins face-off versus Stephen Weiss in Blues zone.
6:23 of 2nd period - Shot by James Wisniewski.
6:23 of 2nd period - Stopped by Ondrej Pavelec without a rebound.
6:24 of 2nd period - Henrik Sedin wins face-off versus Brad Boyes in Blues zone.
6:25 of 2nd period - Shot by Mark Giordano.
6:25 of 2nd period - Shot Misses the Net.
6:27 of 2nd period - Shot by Mark Giordano.
6:27 of 2nd period - Shot Blocked by Sami Salo.
6:29 of 2nd period - Shot by Erik Cole.
6:29 of 2nd period - Stopped by Ondrej Pavelec without a rebound.
6:30 of 2nd period - Brad Boyes wins face-off versus Henrik Sedin in Blues zone.
6:32 of 2nd period - Minor Penalty to Jamie Benn for Holding.
6:33 of 2nd period - Rick Nash wins face-off versus Henrik Sedin in Jets zone.
7:54 of 2nd period - Shot by Barret Jackman.
7:54 of 2nd period - Stopped by Ilya Bryzgalov without a rebound.
7:55 of 2nd period - Ryan Getzlaf wins face-off versus Stephen Weiss in Jets zone.
8:11 of 2nd period - Icing by Mark Streit.
8:12 of 2nd period - Ryan Getzlaf wins face-off versus Dainius Zubrus in Blues zone.
8:12 of 2nd period - Ryan Getzlaf is hit by David Backes.
8:20 of 2nd period - Shot by Ryan Getzlaf.
8:20 of 2nd period - Stopped by Ilya Bryzgalov without a rebound.
8:21 of 2nd period - David Backes wins face-off versus Jussi Jokinen in Jets zone.
8:21 of 2nd period - David Backes is hit by Todd Bertuzzi.
9:24 of 2nd period - Off-side.
9:25 of 2nd period - Ryan Getzlaf wins face-off versus Henrik Sedin in neutral zone.
9:56 of 2nd period - Shot by Jamie Benn.
9:56 of 2nd period - Shot Misses the Net.
9:58 of 2nd period - Shot by Filip Kuba.
9:58 of 2nd period - Deflect By Jamie Benn.
9:58 of 2nd period - Shot Misses the Net.
10:00 of 2nd period - Shot by Filip Kuba.
10:00 of 2nd period - Shot Misses the Net.
10:32 of 2nd period - Icing by Filip Kuba.
10:33 of 2nd period - Henrik Sedin wins face-off versus Alexander Radulov in Jets zone.
11:22 of 2nd period - Icing by Jussi Jokinen.
11:23 of 2nd period - David Backes wins face-off versus Jussi Jokinen in Blues zone.
12:26 of 2nd period - Shot by Pierre-Alexandr Parenteau.
12:26 of 2nd period - Stopped by Ondrej Pavelec without a rebound.
12:27 of 2nd period - Ryan Getzlaf wins face-off versus Henrik Sedin in Blues zone.
12:39 of 2nd period - Off-side.
12:40 of 2nd period - Stephen Weiss wins face-off versus Yannick Weber in neutral zone.
12:50 of 2nd period - Yannick Weber is hit by Mark Giordano and loses puck.
13:04 of 2nd period - Christopher Higgins is hit by James Wisniewski and loses puck.
14:40 of 2nd period - Minor Penalty to Kevin Klein for Hooking.
14:41 of 2nd period - Jussi Jokinen wins face-off versus David Backes in Jets zone.
14:44 of 2nd period - Shot by Sami Salo.
14:44 of 2nd period - Shot Misses the Net.
15:26 of 2nd period - Filip Kuba is hit by Steve Ott and loses puck.
15:55 of 2nd period - Off-side.
15:56 of 2nd period - David Backes wins face-off versus Jussi Jokinen in neutral zone.
16:42 of 2nd period - Icing by Barret Jackman.
16:43 of 2nd period - Brad Boyes wins face-off versus Henrik Sedin in Blues zone.
16:59 of 2nd period - Henrik Sedin is hit by Andrei Markov and loses puck.
17:06 of 2nd period - Shot by Henrik Sedin.
17:06 of 2nd period - Shot Misses the Net.
18:14 of 2nd period - Icing by Mark Fayne.
18:15 of 2nd period - Yannick Weber wins face-off versus David Backes in Blues zone.
18:34 of 2nd period - Shot by David Booth.
18:34 of 2nd period - Shot Misses the Net.
18:36 of 2nd period - Shot by Ron Hainsey.
18:36 of 2nd period - Shot Misses the Net.
18:38 of 2nd period - Shot by David Booth.
18:38 of 2nd period - Shot Blocked by Ryan Getzlaf.
18:40 of 2nd period - Shot by David Backes.
18:40 of 2nd period - Stopped by Ondrej Pavelec without a rebound.
18:41 of 2nd period - Henrik Sedin wins face-off versus Jussi Jokinen in Blues zone.
19:08 of 2nd period - Shot by Jamie Benn.
19:08 of 2nd period - Shot Misses the Net.
19:10 of 2nd period - Shot by Filip Kuba.
19:10 of 2nd period - Stopped by Ondrej Pavelec without a rebound.
19:11 of 2nd period - Stephen Weiss wins face-off versus Ryan Getzlaf in Blues zone.
19:57 of 2nd period - Icing by Mark Giordano.
19:58 of 2nd period - Jussi Jokinen wins face-off versus Stephen Weiss in Jets zone.

3rd period


0:01 of 3rd period - Henrik Sedin wins face-off versus Ryan Getzlaf in neutral zone.
0:28 of 3rd period - Shot by Steve Ott.
0:28 of 3rd period - Shot Blocked by James Wisniewski.
1:52 of 3rd period - Icing by James Wisniewski.
1:53 of 3rd period - Henrik Sedin wins face-off versus Brad Boyes in Jets zone.
2:30 of 3rd period - Shot by David Backes.
2:30 of 3rd period - Shot Blocked by Brad Boyes.
2:36 of 3rd period - Shot by Clarke MacArthur.
2:36 of 3rd period - Stopped by Ondrej Pavelec without a rebound.
2:37 of 3rd period - Ryan Getzlaf wins face-off versus Stephen Weiss in Blues zone.
2:37 of 3rd period - Ryan Getzlaf is hit by Stephen Weiss.
3:18 of 3rd period - Shot by Martin Erat.
3:18 of 3rd period - Shot Misses the Net.
3:27 of 3rd period - Icing by Barret Jackman.
3:28 of 3rd period - David Backes wins face-off versus Ryan Getzlaf in Blues zone.
3:37 of 3rd period - Shot by Clarke MacArthur.
3:37 of 3rd period - Stopped by Ondrej Pavelec without a rebound.
3:38 of 3rd period - Jussi Jokinen wins face-off versus David Backes in Blues zone.
3:54 of 3rd period - Minor Penalty to Brent Burns for Hooking.
3:55 of 3rd period - Rick Nash wins face-off versus Stephen Weiss in Blues zone.
4:05 of 3rd period - Off-side.
4:06 of 3rd period - Stephen Weiss wins face-off versus Rick Nash in neutral zone.
4:09 of 3rd period - Shot by Mark Giordano.
4:09 of 3rd period - Shot Misses the Net.
4:11 of 3rd period - Shot by Martin Erat.
4:11 of 3rd period - Shot Blocked by Mark Streit.
4:17 of 3rd period - Shot by Mark Giordano.
4:17 of 3rd period - Stopped by Ondrej Pavelec without a rebound.
4:18 of 3rd period - Henrik Sedin wins face-off versus Rick Nash in Blues zone.
4:26 of 3rd period - Henrik Sedin is hit by Sami Salo.
5:47 of 3rd period - Shot by Filip Kuba.
5:47 of 3rd period - Shot Hit the Post.
6:03 of 3rd period - Shot by David Backes.
6:03 of 3rd period - Deflect By Clarke MacArthur.
6:03 of 3rd period - Stopped by Ondrej Pavelec without a rebound.
6:04 of 3rd period - Jussi Jokinen wins face-off versus David Backes in Blues zone.
6:46 of 3rd period - Alexander Radulov is hit by Mark Fistric and loses puck.
7:35 of 3rd period - Mark Fayne is hit by James Wisniewski.
7:57 of 3rd period - Icing by Filip Kuba.
7:58 of 3rd period - Stephen Weiss wins face-off versus Christopher Higgins in Jets zone.
7:58 of 3rd period - Stephen Weiss is hit by Yannick Weber.
8:08 of 3rd period - Sami Salo is hit by Pierre-Alexandr Parenteau.
8:11 of 3rd period - Off-side.
8:12 of 3rd period - Ryan Getzlaf wins face-off versus David Backes in neutral zone.
8:15 of 3rd period - David Booth is hit by Steve Ott and loses puck.
10:01 of 3rd period - Shot by Alexander Radulov.
10:01 of 3rd period - Stopped by Ilya Bryzgalov without a rebound.
10:02 of 3rd period - Stephen Weiss wins face-off versus Ryan Getzlaf in Jets zone.
10:18 of 3rd period - Shot by Rick Nash.
10:18 of 3rd period - Shot Misses the Net.
10:21 of 3rd period - Ryan Getzlaf is hit by James Wisniewski and loses puck.
11:10 of 3rd period - Shot by Jussi Jokinen.
11:10 of 3rd period - Shot Misses the Net.
11:12 of 3rd period - Shot by Jussi Jokinen.
11:12 of 3rd period - Goal by Jussi Jokinen - Blues : 2 - Jets : 1.
11:13 of 3rd period - Brad Boyes wins face-off versus Henrik Sedin in neutral zone.
11:18 of 3rd period - Shot by Christopher Higgins.
11:18 of 3rd period - Deflect By Yannick Weber.
11:18 of 3rd period - Shot Misses the Net.
11:57 of 3rd period - Icing by Mark Streit.
11:58 of 3rd period - Stephen Weiss wins face-off versus Brad Boyes in Blues zone.
13:30 of 3rd period - Icing by Rick Nash.
13:31 of 3rd period - Ryan Getzlaf wins face-off versus Henrik Sedin in Blues zone.
13:31 of 3rd period - Ryan Getzlaf is hit by Jamie Benn.
13:53 of 3rd period - Shot by Rick Nash.
13:53 of 3rd period - Goal by Rick Nash - Blues : 3 - Jets : 1.
13:54 of 3rd period - Jussi Jokinen wins face-off versus Stephen Weiss in neutral zone.
14:02 of 3rd period - Shot by Martin Erat.
14:02 of 3rd period - Shot Misses the Net.
14:04 of 3rd period - Shot by Stephen Weiss.
14:04 of 3rd period - Stopped by Ondrej Pavelec with a rebound.
14:06 of 3rd period - Shot by Pierre-Alexandr Parenteau.
14:06 of 3rd period - Shot Blocked by Mark Fayne.
14:28 of 3rd period - Martin Erat is hit by Mark Fayne and loses puck.
14:40 of 3rd period - Stephen Weiss is hit by Mark Fayne and loses puck.
15:10 of 3rd period - Minor Penalty to Mark Fayne for Tripping.
15:11 of 3rd period - Henrik Sedin wins face-off versus Rick Nash in Blues zone.
17:12 of 3rd period - Shot by David Booth.
17:12 of 3rd period - Stopped by Ondrej Pavelec with a rebound.
18:29 of 3rd period - James Wisniewski is hit by Barret Jackman.
18:41 of 3rd period - Icing by James Wisniewski.
18:42 of 3rd period - Ryan Getzlaf wins face-off versus Stephen Weiss in Jets zone.
18:42 of 3rd period - Minor Penalty to Mark Giordano for Roughing.
18:43 of 3rd period - Jussi Jokinen wins face-off versus David Backes in Jets zone.
19:09 of 3rd period - Shot by Mark Streit.
19:09 of 3rd period - Stopped by Ilya Bryzgalov without a rebound.
19:10 of 3rd period - Steve Ott wins face-off versus David Backes in Jets zone.
19:11 of 3rd period - Shot by Sami Salo.
19:11 of 3rd period - Stopped by Ilya Bryzgalov without a rebound.
19:12 of 3rd period - David Backes wins face-off versus Ryan Getzlaf in Jets zone.
19:21 of 3rd period - Shot by Sami Salo.
19:21 of 3rd period - Shot Misses the Net.


Output by the SimonT Hockey Simulator (STHS) for Stephane Roy -- Original Page W3C XHTML 1.0 Valid
Hockey Simulator - Hockey Simulation - Hockey Manager